[Event "Late-Titled-Tuesday-Blitz-May-14-2024"]
[Site "Chess.com"]
[Date "2024.05.14"]
[Round "2"]
[White "AsaHoffmann"]
[Black "merinasian"]
[Result "1/2-1/2"]
[WhiteElo "2319"]
[BlackElo "2520"]
[TimeControl "180+1"]
[EndTime "14:17:47 PDT"]
[Termination "Game drawn - insufficient material"]

1. d4 d6 2. e4 Nd7 3. f4 g6 4. Nf3 Bg7 5. Nc3 c5 6. Be3 Ngf6 7. e5 Ng4 8. Bg1 cxd4 9. Bxd4 dxe5 10. fxe5 Ndxe5 11. Bb5+ Bd7 12. Nxe5 Nxe5 13. Qe2 Nf3+ 14. Qxf3 Bxd4 15.
Qxb7 Bxc3+ 16. bxc3 Bxb5 17. Qxb5+ Kf8 18. O-O Qb6+ 19. Qxb6 axb6 20. Rab1 Rxa2 21. Rxb6 Kg7 22. Rb7 Re8 23. Rf2 f5 24. h4 Kf6 25. c4 Rea8 26. Re2 e6 27. Rb6 Re8 28. c5 Ra5 29. c6 Rc5 30. Kf2 Rc8 31. c7 R8xc7 32. Rbxe6+ Kf7 33. h5 Rxc2 34. hxg6+ hxg6 35. Ra6 Rxe2+ 36. Kxe2 Re7+ 37. Kf3 Re6 38. Ra7+ Kf6 39. g4 Rb6 40. Ra3 Kg5 41. gxf5 gxf5 42. Rc3 Rh6 43. Kg3 f4+ 44.
Kg2 Kg4 45. Ra3 Rb6 46. Ra2 f3+ 47. Kf2 Rb4 48. Rc2 Kf4 49. Ra2 Re4 50. Rb2 Ra4 51. Rc2 Re4 52. Rb2 Re2+ 53. Rxe2 fxe2 54. Kxe2 1/2-1/2

[Event "Late-Titled-Tuesday-Blitz-May-14-2024"]
[Site "Chess.com"]
[Date "2024.05.14"]
[Round "2"]
[White "Yaacovn"]
[Black "RespectfulDaveOnYouTube"]
[Result "1-0"]
[WhiteElo "2768"]
[BlackElo "2520"]
[TimeControl "180+1"]
[EndTime "14:17:49 PDT"]
[Termination "Yaacovn won by resignation"]

1. d4 c5 2. c3 Nf6 3. Nf3 g6 4.
Bg5 Bg7 5. e3 Qb6 6. Qb3 O-O 7.
Nbd2 d5 8. Be2 Nc6 9. O-O cxd4 10. exd4 Be6 11. Rfe1 Ne4 12. Bh4 Nd6 13. Bg3 Ne4 14.
Bf4 Qd8 15. Bd3 Nxd2 16. Bxd2 Na5 17. Qd1 Bg4 18. h3 Bxf3 19. Qxf3 e6 20. g3 Rc8 21.
Rad1 a6 22. h4 Nc4 23. Bc1 h6 24. h5 g5 25. Bc2 b5 26. Qd3 Re8 27. Kg2 Kf8 28.
Re2 Nd6 29. Rde1 a5 30. g4 Qf6 31. Re3 b4 32. Rf3 Qd8 33. Bd2 Nc4 34. Bc1 Nd6 35. Qh7 Rc7 36. Ba4 bxc3 37. bxc3 Ne4 38. Bxe8 Qxe8 39.
Rxe4 dxe4 40. Qxe4 Qc6 41. Qxc6 Rxc6 42. Rd3 Ke7 43.
Kf3 Kd7 44. Bd2 Rc4 45. Be1 Bf8 46. Ke2 Kc6 47. Rd1 Bd6 48. Rb1 Ra4 49. Rb2 Ra3 50. Kd3 f5 51. f3 fxg4 52. fxg4 Bf4 53. Bd2 Kd5 54. Bxf4 gxf4 55. g5 f3 56. gxh6 f2 57.
Rxf2 e5 58. Rf5 Ke6 59. Rxe5+ Kf6 60. h7 Kg7 61. Re2 Ra4 62. Rb2 Kxh7 63. Kc2 Kh6 64.
Kb3 Ra3+ 65. Kxa3 1-0

[Event "Late-Titled-Tuesday-Blitz-May-14-2024"]
[Site "Chess.com"]
[Date "2024.05.14"]
[Round "2"]
[White "A4RookA3"]
[Black "GothamChess"]
[Result "0-1"]
[WhiteElo "2415"]
[BlackElo "2777"]
[TimeControl "180+1"]
[EndTime "14:17:49 PDT"]
[Termination "GothamChess won by resignation"]

1. d4 f5 2. Bf4 Nf6 3. e3 e6 4. Nf3 Bd6 5. Be2 b6 6. O-O Bb7 7. Nbd2 O-O 8. Ne5 Nc6 9. Bf3 Qc8 10. Nxc6 Bxc6 11. Bxc6 dxc6 12. Qe2 Nd5 13. Bxd6 cxd6 14.
c4 Nf6 15. e4 fxe4 16. Nxe4 Nxe4 17. Qxe4 Rf6 18. Rae1 Qd7 19. g3 Raf8 20. f4 h6 21.
d5 exd5 22. cxd5 c5 23. Qd3 Qa4 24. a3 c4 25. Qd4 Qb5 26. Re6 Qb3 27. Rfe1 b5 28.
Rxf6 Rxf6 29. Re8+ Rf8 30. Rxf8+ Kxf8 31. Qe4 Qxb2 32.
Qf5+ Qf6 33. Qc8+ Kf7 34. Qb7+ Qe7 35. Qxb5 c3 36. Qd3 Qe1+ 37. Qf1 Qxf1+ 0-1

[Event "Late-Titled-Tuesday-Blitz-May-14-2024"]
[Site "Chess.com"]
[Date "2024.05.14"]
[Round "2"]
[White "ChadBiryani"]
[Black "maracayo"]
[Result "1-0"]
[WhiteElo "2549"]
[BlackElo "2355"]
[TimeControl "180+1"]
[EndTime "14:17:49 PDT"]
[Termination "ChadBiryani won by resignation"]

1. d4 d6 2. e4 Nf6 3. Nc3 c6 4. Bg5 Nbd7 5. Qd2 Qa5 6. O-O-O e5 7. Nf3 Be7 8. h4 b5 9. dxe5 dxe5 10. Bxf6 Nxf6 11.
Bd3 b4 12. Nb1 O-O 13. h5 Rd8 14. Qe2 Qc5 15. h6 g6 16. Bc4 Bg4 17. Nbd2 a5 18. Nb3 Qa7 19. Bxf7+ Kf8 20. Qc4 Bxf3 21. gxf3 a4 22.
Na1 Qxf2 23. Rdf1 Qd2+ 24. Kb1 a3 25. Nb3 Qd7 26. f4 Nxe4 27. fxe5 Nf2 28. Bxg6 Qd5 29. Rxf2+ 1-0

[Event "Late-Titled-Tuesday-Blitz-May-14-2024"]
[Site "Chess.com"]
[Date "2024.05.14"]
[Round "2"]
[White "LeninGuerra"]
[Black "DominguezOnYoutube"]
[Result "0-1"]
[WhiteElo "2667"]
[BlackElo "3025"]
[TimeControl "180+1"]
[EndTime "14:17:50 PDT"]
[Termination "DominguezOnYoutube won by resignation"]

1. e4 c5 2. Nf3 d6 3. b4 cxb4 4. a3 bxa3 5. Bxa3 Nf6 6. Bd3 g6 7. O-O Bg7 8. c3 O-O 9. Bc2 b6 10. d4 Bb7 11. Nbd2 Nbd7 12. Qe2 Qc7 13. c4 Nh5 14.
Qe3 Rfe8 15. h3 e5 16. d5 Nc5 17. Rfb1 Bc8 18. g4 Nf4 19. Kh2 Bd7 20. Nf1 h5 21. gxh5 Nxh5 22. Ng3 Nf4 23. h4 Bh6 24. Qc3 Kg7 25. Rg1 Rh8 26. Bc1 Qd8 27. Bxf4 Bxf4 28. Kg2 Bg4 29. Rh1 Qf6 30. Ne2 Rh6 31. Rag1 Rah8 32.
Kf1 Bxf3 33. Qxf3 Rxh4 34. Rxh4 Rxh4 35. Nc1 Bxc1 0-1

[Event "Late-Titled-Tuesday-Blitz-May-14-2024"]
[Site "Chess.com"]
[Date "2024.05.14"]
[Round "2"]
[White "Mischuk_D"]
[Black "CheckBits"]
[Result "1-0"]
[WhiteElo "2693"]
[BlackElo "2393"]
[TimeControl "180+1"]
[EndTime "14:17:50 PDT"]
[Termination "Mischuk_D won on time"]

1. d4 d5 2. c4 dxc4 3. Nf3 Nf6 4. e3 e6 5. Bxc4 a6 6. a4 Be7 7. O-O O-O 8. Nc3 c5 9. Qe2 Nc6 10. Rd1 Qc7 11. d5 exd5 12. Nxd5 Nxd5 13. Bxd5 Bg4 14.
h3 Bh5 15. Bd2 Nb4 16. Bxb4 cxb4 17. Rac1 Qb6 18. Qc4 Bf6 19. Qb3 Rac8 20. Rxc8 Rxc8 21. e4 Re8 22. Rc1 h6 23. Rc2 a5 24. Qd3 Bg6 25. Qc4 Re7 26. Qc8+ Kh7 27. b3 Qd6 28. Qc5 Qf4 29. Re2 Bc3 30. Re3 1-0

[Event "Late-Titled-Tuesday-Blitz-May-14-2024"]
[Site "Chess.com"]
[Date "2024.05.14"]
[Round "2"]
[White "lukas_111111"]
[Black "ShahMatKanal"]
[Result "1-0"]
[WhiteElo "2675"]
[BlackElo "2396"]
[TimeControl "180+1"]
[EndTime "14:17:50 PDT"]
[Termination "lukas_111111 won by checkmate"]

1. c4 e6 2. Nc3 d5 3. d4 Nf6 4. Nf3 c6 5. e3 Nbd7 6. a4 b6 7. Bd3 dxc4 8. Bxc4 Bb4 9. O-O O-O 10. Qc2 a5 11. e4 Ba6 12. Bxa6 Rxa6 13. e5 Nd5 14. Ng5 g6 15. Nce4 c5 16. Qd3 Ra7 17. Nxh7 Kxh7 18. Qh3+ Kg8 19. Ng5 N7f6 20. dxc5 Bxc5 21.
exf6 Nxf6 22. Bf4 Nh5 23. Rad1 Qf6 24. Bc1 Qg7 25. Ne4 Be7 26. Be3 Rb7 27. Qf3 Rfb8 28. g4 f5 29. gxh5 fxe4 30. Qxe4 gxh5+ 31. Kh1 Qf6 32. Rg1+ Kf8 33. Rg3 Ke8 34. Rf3 Qh4 35. Qg6# 1-0

[Event "Late-Titled-Tuesday-Blitz-May-14-2024"]
[Site "Chess.com"]
[Date "2024.05.14"]
[Round "2"]
[White "ansko1999"]
[Black "Arimin1329"]
[Result "1-0"]
[WhiteElo "2621"]
[BlackElo "2376"]
[TimeControl "180+1"]
[EndTime "14:17:50 PDT"]
[Termination "ansko1999 won by checkmate"]

1. c4 b6 2. d4 Nf6 3. Nc3 Bb7 4. Qc2 e6 5. a3 d5 6. cxd5 Nxd5 7. e4 Nxc3 8. bxc3 Nd7 9. Bd3 Be7 10. Ne2 e5 11.
O-O O-O 12. Ng3 Bg5 13. a4 c5 14. d5 Bxc1 15. Raxc1 Nf6 16. c4 Ne8 17. f4 Qe7 18.
Nf5 Qf6 19. Qc3 exf4 20. e5 Qg5 21. h4 Qg4 22. Qd2 Kh8 23. Rxf4 Qh5 24. Rcf1 f6 25. g4 Qf7 26. e6 Qc7 27. g5 Nd6 28.
Nxd6 Qxd6 29. gxf6 Rxf6 30. Rxf6 gxf6 31. Rxf6 Rg8+ 32. Kf1 Qg3 33. Rf2 Qxh4 34. Qc3+ Qd4 35. Qxd4+ cxd4 36. e7 Kg7 37. Rg2+ Kf7 38. Rxg8 Kxe7 39.
Rg7+ Kd6 40. Rxb7 a5 41. Rxb6+ Kc5 42. Rh6 Kb4 43. Rxh7 Kc5 44. Ke2 Kd6 45. Rh6+ Kc5 46. Rc6+ Kb4 47. d6 Kc3 48. d7 Kb4 49. d8=Q Kc3 50.
Qxa5+ Kb2 51. Rb6+ Kc1 52. Qd2# 1-0

[Event "Late-Titled-Tuesday-Blitz-May-14-2024"]
[Site "Chess.com"]
[Date "2024.05.14"]
[Round "2"]
[White "tgpgoat"]
[Black "AungTZ"]
[Result "1-0"]
[WhiteElo "2452"]
[BlackElo "2085"]
[TimeControl "180+1"]
[EndTime "14:17:50 PDT"]
[Termination "tgpgoat won on time"]

1. Nf3 d5 2. c4 e6 3. cxd5 exd5 4. d4 Nf6 5. Nc3 Bd6 6. Qc2 c6 7. Bg5 h6 8. Bh4 Bg4 9. e3 Nbd7 10. Be2 Bh5 11. Rc1 O-O 12. O-O Re8 13. Bg3 Bxg3 14. hxg3 Bg6 15. Bd3 Bxd3 16. Qxd3 Ne4 17. Nd2 Ndf6 18. Ncxe4 dxe4 19. Qc4 Qd7 20. b4 a6 21. a4 Qf5 22. Qc5 Qd7 23. Nc4 Rad8 24.
Ne5 Qf5 25. b5 axb5 26. axb5 Rd5 27. Qc2 Rxb5 28. Rb1 Rxb1 29. Rxb1 Re7 30. Qc5 Qe6 31. Ra1 Nd7 32. Ra8+ Re8 33. Rxe8+ Qxe8 34. Nxd7 Qxd7 35. Qa7 Kh7 36. Qb6 f5 37. Kh2 Qf7 38. Qb1 b5 39. g4 Qd5 40. gxf5 Qxf5 41. Qc2 Kg6 42. Qxc6+ Kg5 43. d5 Qxf2 44. Qc1 Qh4+ 45. Kg1 Kf5 46. d6 Qd8 47. Qc5+ Kg4 48. Qe5 Qd7 49. Qxe4+ Kg5 50. Qe7+ 1-0

[Event "Late-Titled-Tuesday-Blitz-May-14-2024"]
[Site "Chess.com"]
[Date "2024.05.14"]
[Round "2"]
[White "HandKnit"]
[Black "emiliocordova"]
[Result "0-1"]
[WhiteElo "2505"]
[BlackElo "2900"]
[TimeControl "180+1"]
[EndTime "14:17:51 PDT"]
[Termination "emiliocordova won by resignation"]

1. e4 c5 2. Nf3 Nc6 3. d4 cxd4 4. Nxd4 Qb6 5. Nb3 Nf6 6. Bd3 e6 7. O-O a6 8. Be3 Qc7 9. f4 d6 10. Qf3 b5 11. N1d2 Bb7 12. Rac1 Rc8 13. c4 b4 14. Kh1 Be7 15. Qh3 h6 16. Rf3 a5 17. Rcf1 g6 18. Nd4 Qd7 19. Nb5 h5 20. Nb3 a4 21. N3d4 e5 22.
Nxc6 Qxh3 23. Rxh3 Rxc6 24. f5 gxf5 25. Rxf5 Bc8 26. Rhf3 Bxf5 27. Rxf5 Rg8 28. Na7 Rc7 29. Nb5 Rd7 30. a3 bxa3 31. bxa3 Rg4 32. Nc3 Rb7 33.
Be2 Rb3 34. Bd2 Nxe4 35. Bxg4 Nxd2 36. Bxh5 Rxc3 37. Bxf7+ Kd8 38. h4 Bxh4 39. Kh2 Bg3+ 40. Kh3 Bf4+ 41. Kg4 Rg3+ 42. Kh5 Ne4 43. Bd5 Rg5+ 44.
Rxg5 Nxg5 45. Kg6 Kc7 46. Kf5 Kb6 47. g3 Bd2 48. g4 Kc5 0-1

[Event "Late-Titled-Tuesday-Blitz-May-14-2024"]
[Site "Chess.com"]
[Date "2024.05.14"]
[Round "2"]
[White "Quattroporte300"]
[Black "PattyCastillo"]
[Result "1-0"]
[WhiteElo "2446"]
[BlackElo "2062"]
[TimeControl "180+1"]
[EndTime "14:17:54 PDT"]
[Termination "Quattroporte300 won on time"]

1. e4 c5 2. Nc3 Nc6 3. Bb5 Nd4 4. Bc4 e6 5. Nge2 g6 6. O-O Bg7 7. d3 Ne7 8. f4 d5 9. Bb3 O-O 10. e5 Rb8 11. Nxd4 cxd4 12. Ne2 Nf5 13. g4 Ne3 14.
Bxe3 dxe3 15. d4 Qh4 16. Ng3 Bd7 17. Kg2 a5 18. a4 f6 19. Qe2 Rf7 20. h3 Rbf8 21.
Qxe3 fxe5 22. dxe5 Bc6 23. Qd4 Bh6 24. Ne2 g5 25. f5 exf5 26. e6 Rf6 27. Bxd5 Bxd5+ 28. Qxd5 1-0

[Event "Late-Titled-Tuesday-Blitz-May-14-2024"]
[Site "Chess.com"]
[Date "2024.05.14"]
[Round "2"]
[White "munozmiguelangel1982"]
[Black "Lady_Nika"]
[Result "0-1"]
[WhiteElo "2272"]
[BlackElo "2507"]
[TimeControl "180+1"]
[EndTime "14:17:55 PDT"]
[Termination "Lady_Nika won by resignation"]

1. d4 d5 2. Nf3 e6 3. g3 f5 4. Bg2 Nf6 5. O-O Bd6 6. c4 c6 7. Bf4 O-O 8. Bxd6 Qxd6 9. c5 Qe7 10. Nc3 Nbd7 11. Qc2 Ne4 12. Ne1 e5 13. dxe5 Nxe5 14. Nd3 Nxd3 15. exd3 Nxc5 16. Rfe1 Qd6 17. b4 Ne6 18. a3 f4 19. Qd2 Nd4 20. Ra2 fxg3 21. fxg3 Bg4 22. Qg5 Bf3 23. Rf1 Bxg2 24. Kxg2 a5 25.
b5 Nxb5 26. Nxb5 cxb5 27. Raf2 Rxf2+ 28. Rxf2 Rf8 29. Rxf8+ Kxf8 30. Qf5+ Ke7 31. Qxh7 Qe5 32. Qg8 Kd7 33. Qf7+ Kc6 34. Qf8 Qe2+ 35. Kg1 Qxd3 36. Qxg7 Qxa3 37. Qg6+ Qd6 38. Qe8+ Kb6 39. g4 a4 40. Kg2 a3 41. Qe3+ Qc5 42. Qe6+ Qc6 43. Qe2 d4+ 44. Kg3 Qc3+ 45. Kh4 Qe3 46. Qa2 b4 47. g5 Qf4+ 48. Kh5 d3 49. g6 d2 50. Qd5 Qxh2+ 51. Kg5 Qg1+ 52. Kf6 d1=Q 0-1

[Event "Late-Titled-Tuesday-Blitz-May-14-2024"]
[Site "Chess.com"]
[Date "2024.05.14"]
[Round "2"]
[White "rychessmaster1"]
[Black "cthulhuuu"]
[Result "1/2-1/2"]
[WhiteElo "2752"]
[BlackElo "2481"]
[TimeControl "180+1"]
[EndTime "14:17:56 PDT"]
[Termination "Game drawn by agreement"]

1. d4 Nf6 2. c4 e5 3. dxe5 Ng4 4. Bf4 Nc6 5. Nf3 Bb4+ 6. Nbd2 Qe7 7. e3 a5 8. Be2 Ngxe5 9. O-O d6 10. Nb3 a4 11.
Nbd4 a3 12. b3 Bc3 13. Rc1 Bb2 14. Rc2 O-O 15. Nxc6 Nxc6 16. Rd2 Nb4 17. Qb1 g6 18. Nd4 Re8 19. Bf3 h5 20. Nb5 Bf5 21. e4 Bxe4 22. Bxe4 Qxe4 23. Qxe4 Rxe4 24. Nxc7 Rxf4 25. Nxa8 Nxa2 26.
g3 Rf3 27. Nc7 Rxb3 28. Rxd6 Nc3 29. Rd8+ Kh7 30. Ra8 a2 31. Nd5 Nxd5 32. cxd5 a1=Q 33. Rfxa1 Bxa1 34. Rxa1 Rd3 35. Rb1 Rxd5 36. Rxb7 Kg7 37. h4 Rd3 1/2-1/2

[Event "Late-Titled-Tuesday-Blitz-May-14-2024"]
[Site "Chess.com"]
[Date "2024.05.14"]
[Round "2"]
[White "MagnusCarlsen"]
[Black "ArtemDyachuk"]
[Result "1-0"]
[WhiteElo "3218"]
[BlackElo "2696"]
[TimeControl "180+1"]
[EndTime "14:17:58 PDT"]
[Termination "MagnusCarlsen won on time"]

1. b4 e5 2. Nf3 e4 3. Nd4 Bxb4 4. Bb2 Nf6 5. Nf5 O-O 6. g4 d5 7. e3 Bxf5 8. gxf5 c5 9. Rg1 d4 10. c3 dxc3 11. Nxc3 Re8 12. Bc4 Nc6 13. Nd5 Ne5 14.
Qb3 Nxd5 15. Bxd5 c4 16. Bxe5 Bxd2+ 17. Ke2 Rxe5 18. Bxc4 Rxf5 19. Qxb7 Rb8 20. Qxe4 Qf6 21. f4 Ba5 22. Rab1 Bb6 23. Bd3 Rh5 24. Rg2 Rh3 25.
a4 Rd8 26. Rg3 Rxh2+ 27. Kf3 g6 28. a5 Bxa5 29. Rb7 Be1 30. Bc4 Rf2+ 31. Kg4 h5+ 32.
Kh3 Rf8 33. Rxg6+ 1-0

[Event "Late-Titled-Tuesday-Blitz-May-14-2024"]
[Site "Chess.com"]
[Date "2024.05.14"]
[Round "2"]
[White "sergiochess83"]
[Black "varunkrishnanchess"]
[Result "1/2-1/2"]
[WhiteElo "2859"]
[BlackElo "2608"]
[TimeControl "180+1"]
[EndTime "14:17:59 PDT"]
[Termination "Game drawn by repetition"]

1. e4 a6 2. d4 e6 3. Bd3 d5 4. e5 c5 5. c3 Nc6 6. Nf3 Nh6 7. O-O Nf5 8. Be3 Nxe3 9. fxe3 Be7 10. Nbd2 f5 11.
exf6 Bxf6 12. dxc5 O-O 13. Qc2 g6 14. Rae1 Qe7 15.
b4 e5 16. e4 d4 17. a3 dxc3 18.
Qxc3 Be6 19. Nc4 Bxc4 20. Bxc4+ Kh8 21. Bd5 Nd4 22. Qd3 Nxf3+ 23. Rxf3 a5 24. Ref1 axb4 25. axb4 Bg7 26. Rxf8+ Rxf8 27. Rxf8+ Bxf8 28. g3 b6 29. cxb6 Qxb4 30. b7 Bd6 31. Kg2 Qb2+ 32. Kh3 Qb6 33. Qf3 Kg7 34. Qf7+ Kh6 35. Qf6 Qc7 36. Bg8 Qd7+ 37.
Kg2 Qg4 38. Qxd6 Qe2+ 39. Kg1 Qe1+ 40. Kg2 Qe2+ 41. Kg1 Qe1+ 42. Kg2 Qe2+ 1/2-1/2

[Event "Late-Titled-Tuesday-Blitz-May-14-2024"]
[Site "Chess.com"]
[Date "2024.05.14"]
[Round "2"]
[White "Rital44"]
[Black "th3d4rkness"]
[Result "1-0"]
[WhiteElo "2708"]
[BlackElo "2178"]
[TimeControl "180+1"]
[EndTime "14:17:59 PDT"]
[Termination "Rital44 won on time"]

1. d4 Nf6 2. Nc3 d5 3. Bf4 c5 4. e4 cxd4 5. Qxd4 Nc6 6. Bb5 dxe4 7. Qxd8+ Kxd8 8. O-O-O+ Ke8 9. Nge2 Bd7 10. Ng3 a6 11.
Ba4 e5 12. Bg5 b5 13. Bb3 Nd4 14. Ngxe4 Nxe4 15. Nxe4 Nxb3+ 16. axb3 f6 17. Bxf6 Bf5 18. Bxe5 Kf7 19. Ng5+ Kg6 20. Nf3 Be7 21. h4 h6 22.
Nd4 Rhf8 23. f3 Kh7 24. Rhe1 Bxh4 25. g3 Bg5+ 26. f4 Bg4 27. fxg5 Bxd1 28. gxh6 gxh6 29.
Rxd1 Rae8 30. Bf4 Kg6 31. c3 h5 32. Rh1 Re4 33. b4 Rf7 34. Kc2 Rd7 35. Nf3 Re2+ 36.
Kb3 Rd5 37. Ra1 Re6 38. Nd4 Rf6 39. Re1 1-0

[Event "Late-Titled-Tuesday-Blitz-May-14-2024"]
[Site "Chess.com"]
[Date "2024.05.14"]
[Round "2"]
[White "JG-17"]
[Black "northridgehawk"]
[Result "1-0"]
[WhiteElo "2547"]
[BlackElo "2355"]
[TimeControl "180+1"]
[EndTime "14:17:59 PDT"]
[Termination "JG-17 won by resignation"]

1. Nf3 Nf6 2. b3 g6 3. Bb2 Bg7 4. g3 O-O 5. Bg2 c5 6. O-O d5 7. e3 Nc6 8. c4 d4 9. exd4 cxd4 10. d3 e5 11. Nbd2 Re8 12. Re1 Bg4 13. h3 Bf5 14. Ne4 Nxe4 15. dxe4 Be6 16. a3 h6 17. Rf1 Qd7 18. Ne1 Rad8 19. Kh2 d3 20. Qd2 Qe7 21. Rd1 Rd7 22. Nxd3 Red8 23. Qe2 Nd4 24. Bxd4 Rxd4 25. Nb2 Qxa3 26. Rxd4 Rxd4 27. Qc2 Qb4 28. Nd3 Qd6 29. Rd1 b6 30. Nb2 Rxd1 31. Nxd1 Qd4 32.
Ne3 Bf8 33. Nd5 Bc5 34. Kg1 Kg7 35. b4 Qa1+ 36. Kh2 Bd4 37. c5 bxc5 38. bxc5 Qa6 39.
c6 Qc8 40. c7 Bxd5 41. exd5 Bb6 42. d6 Qd7 43. Qc6 Qf5 44. c8=Q Qxf2 45. Qc1 Be3 46.
Qf1 Qd2 47. Qc7 Bf4 48. gxf4 exf4 49. d7 Qe3 50. Qfxf4 1-0

[Event "Late-Titled-Tuesday-Blitz-May-14-2024"]
[Site "Chess.com"]
[Date "2024.05.14"]
[Round "2"]
[White "TheWiscoIndian"]
[Black "MeisterJabo"]
[Result "0-1"]
[WhiteElo "2200"]
[BlackElo "2476"]
[TimeControl "180+1"]
[EndTime "14:17:59 PDT"]
[Termination "MeisterJabo won by resignation"]

1. Nf3 Nf6 2. g3 g6 3. b3 Bg7 4.
Bb2 O-O 5. Bg2 d6 6. O-O e5 7. d3 Nc6 8. Nbd2 Re8 9. c4 h6 10. a3 a5 11. e3 Be6 12. d4 exd4 13. exd4 Bf5 14. d5 Nb8 15. Nd4 Bg4 16. Qc2 Na6 17.
Rfe1 Qd7 18. Nb5 Nc5 19. Nd4 g5 20. b4 Na4 21. Rxe8+ Rxe8 22. Bf1 Nxb2 23. Qxb2 Ne4 24. N2b3 a4 25. Na5 Qd8 26. h3 Bf3 27. Re1 Qf6 28.
Nxb7 Qxd4 29. Qxd4 Bxd4 30. Bd3 Bxf2+ 31. Kf1 Bxe1 32.
Kxe1 Nc5+ 33. Kd2 Nxb7 0-1

[Event "Late-Titled-Tuesday-Blitz-May-14-2024"]
[Site "Chess.com"]
[Date "2024.05.14"]
[Round "2"]
[White "lucasmito"]
[Black "Hikaru"]
[Result "1-0"]
[WhiteElo "2713"]
[BlackElo "3220"]
[TimeControl "180+1"]
[EndTime "14:18:02 PDT"]
[Termination "lucasmito won by resignation"]

1. e4 a6 2. d4 c6 3. Nc3 d5 4. Nf3 Bg4 5. h3 Bh5 6. g4 dxe4 7. Ne5 Bg6 8. Nxg6 hxg6 9. Nxe4 Nf6 10. Bg2 e6 11. Nxf6+ gxf6 12. O-O f5 13. Re1 fxg4 14.
hxg4 Bd6 15. d5 cxd5 16. Qxd5 Nc6 17. Bg5 Be7 18. Qxd8+ Rxd8 19. Bxc6+ bxc6 20. Bxe7 Kxe7 21. Rad1 Rh4 22. f3 Rdh8 23. Rc1 Rh2 24. b4 R8h3 25. Rf1 Kf6 26. a4 Kg5 27. Rf2 Rxf2 28. Kxf2 Kf4 29. Ke2 Rxf3 30. Rd1 Kxg4 31. Rd6 Rf4 32. c3 a5 33. Rd4 axb4 34. Rxb4 e5 35. Rxf4+ exf4 36. a5 Kg3 37. Kf1 g5 38. a6 g4 39. a7 Kf3 40.
a8=Q g3 41. Qxc6+ Ke3 42. Qc5+ Kf3 43. Qd5+ Kg4 44. Qd1+ f3 45. Qd4+ Kh3 46. Kg1 f5 47.
Qh8+ Kg4 48. Qg7+ Kh3 49. Qh6+ Kg4 50. Qg6+ Kf4 51. c4 g2 52. Kf2 Ke4 53. Qe6+ 1-0

[Event "Late-Titled-Tuesday-Blitz-May-14-2024"]
[Site "Chess.com"]
[Date "2024.05.14"]
[Round "2"]
[White "GiorgianBarbosa"]
[Black "giovannibrandao7"]
[Result "1-0"]
[WhiteElo "2528"]
[BlackElo "2314"]
[TimeControl "180+1"]
[EndTime "14:18:02 PDT"]
[Termination "GiorgianBarbosa won by resignation"]

1. e4 Nf6 2. e5 Nd5 3. c4 Nb6 4. d4 d6 5. exd6 exd6 6. d5 Be7 7. Bd3 O-O 8. Ne2 N8d7 9. O-O Bf6 10. Nbc3 Ne5 11. b3 Nxd3 12. Qxd3 g6 13. Bb2 Bf5 14.
Qd2 Re8 15. Ng3 Qd7 16. Rae1 Bg7 17. Nce4 Bxe4 18. Nxe4 Qd8 19. Bxg7 Kxg7 20. Qd4+ f6 21. Ng5 Kg8 22. Ne6 Qe7 23. f4 Nd7 24. Re3 Rac8 25. Rfe1 Qf7 26. g4 Nf8 27. Qxa7 c6 28. Nxf8 Rxe3 29. Qxe3 Rxf8 30. dxc6 bxc6 31. Qe6 Rd8 32. Qxf7+ Kxf7 33. b4 Ra8 34. Ra1 Ra3 35. b5 cxb5 36. cxb5 Ra5 37. a4 Ke6 38. f5+ gxf5 39. gxf5+ Kxf5 40. b6 Ra8 41. a5 Ke6 42. b7 Rb8 43. a6 1-0

[Event "Late-Titled-Tuesday-Blitz-May-14-2024"]
[Site "Chess.com"]
[Date "2024.05.14"]
[Round "2"]
[White "LuckIsMySkill"]
[Black "Firouzja2003"]
[Result "0-1"]
[WhiteElo "2695"]
[BlackElo "3180"]
[TimeControl "180+1"]
[EndTime "14:18:03 PDT"]
[Termination "Firouzja2003 won by checkmate"]

1. Nf3 Nf6 2. g3 g6 3. Bg2 Bg7 4. O-O O-O 5. d4 d6 6. Nc3 d5 7.
Re1 Bf5 8. Nh4 e6 9. h3 h5 10. Bg5 c6 11. e3 Nbd7 12. a3 Qb6 13. b4 a5 14. Nxf5 exf5 15. b5 Ne4 16. Nxe4 dxe4 17. bxc6 Qxc6 18. g4 hxg4 19. hxg4 fxg4 20. c4 f5 21. c5 b6 22. cxb6 Nxb6 23. Rc1 Qe6 24. Bf1 Rac8 25. Qd2 a4 26. Qb4 Kh7 27. Kg2 Nd5 28.
Qxa4 Rxc1 29. Rxc1 f4 30. Qc6 Qf5 31. Bc4 f3+ 32.
Kg3 Be5+ 33. dxe5 Qxe5+ 34. Kxg4 Qf5+ 35. Kh4 Rh8 36. Qxd5 Kg7+ 37. Kg3 Rh3# 0-1

[Event "Late-Titled-Tuesday-Blitz-May-14-2024"]
[Site "Chess.com"]
[Date "2024.05.14"]
[Round "2"]
[White "Individoom"]
[Black "Leebit02"]
[Result "1/2-1/2"]
[WhiteElo "2799"]
[BlackElo "2573"]
[TimeControl "180+1"]
[EndTime "14:18:03 PDT"]
[Termination "Game drawn by agreement"]

1. d4 Nf6 2. Nf3 e6 3. Bf4 b6 4. e3 Bb7 5. Be2 Nh5 6. Bg5 Be7 7. Bxe7 Qxe7 8. O-O O-O 9. a4 a6 10. Na3 d6 11.
Nd2 Nf6 12. Bf3 Bxf3 13. Qxf3 d5 14. c3 c5 15. a5 b5 16. dxc5 Qxc5 17. Nc2 Nc6 18.
e4 Rfd8 19. exd5 Qxd5 20. Qxd5 Rxd5 21. Nb3 Rad8 22. Nb4 Nxb4 23. cxb4 Ne4 24. Rac1 Nd2 25. Nxd2 Rxd2 26. Rc6 R2d6 27. Rxd6 Rxd6 28. Rc1 h5 29. g3 Kh7 30. Rc5 Kg6 31. h4 f6 32. Kg2 e5 33.
Rc7 Rd4 34. Rc6 Rxb4 35. Rxa6 Rxb2 36. Rb6 b4 37. a6 Ra2 38. Rxb4 Rxa6 39. Rb2 Kf5 40.
Rb7 g6 41. Rb4 Ra3 42. Rc4 1/2-1/2

[Event "Late-Titled-Tuesday-Blitz-May-14-2024"]
[Site "Chess.com"]
[Date "2024.05.14"]
[Round "2"]
[White "Cambek64"]
[Black "nitpicker"]
[Result "1-0"]
[WhiteElo "2507"]
[BlackElo "2280"]
[TimeControl "180+1"]
[EndTime "14:18:03 PDT"]
[Termination "Cambek64 won on time"]

1. c4 e5 2. Nc3 Nf6 3. a3 d5 4.
cxd5 Nxd5 5. d3 a5 6. Nf3 Nc6 7. e3 Nf6 8. Qc2 Bd6 9. Be2 O-O 10. O-O h6 11. b3 Bf5 12. Bb2 Qe7 13. Ne4 Nxe4 14.
dxe4 Bd7 15. Bd3 Rfe8 16. Nd2 Rad8 17. Rfd1 Qf6 18. Nc4 Rc8 19. Nxd6 cxd6 20. Qd2 Be6 21.
Bc4 Bxc4 22. bxc4 Re6 23. Rac1 Ne7 24. Qxa5 Qg5 25. Qb4 Rc6 26. Qxb7 Rg6 27. g3 h5 28.
c5 Rxc5 29. Rxc5 dxc5 30. Qb8+ Kh7 31. Rd8 Rf6 32. Rh8+ Kg6 33. Bxe5 Ra6 34. Bf4 Qg4 35.
Kg2 Rxa3 36. Qe5 Nc6 37. Qxc5 Ra6 38. h3 1-0

[Event "Late-Titled-Tuesday-Blitz-May-14-2024"]
[Site "Chess.com"]
[Date "2024.05.14"]
[Round "2"]
[White "TheAlienParty"]
[Black "katharinareinecke"]
[Result "1-0"]
[WhiteElo "2436"]
[BlackElo "1892"]
[TimeControl "180+1"]
[EndTime "14:18:03 PDT"]
[Termination "TheAlienParty won by checkmate"]

1. c4 c6 2. Nf3 d5 3. e3 Nf6 4. b3 Bg4 5. Bb2 e6 6. Be2 Be7 7. h3 Bxf3 8. gxf3 O-O 9. Rg1 dxc4 10.
Bxc4 b5 11. Be2 a6 12. Qc2 c5 13. Nc3 Nc6 14. Ne4 Nb4 15. Qc3 Kh8 16. Nxc5 Bxc5 17. Qxc5 Nd3+ 18. Bxd3 Qxd3 19. Qg5 Qg6 20. h4 Rac8 21.
Qxg6 hxg6 22. Ke2 Rc2 23. Bxf6 gxf6 24. h5 g5 25. f4 gxf4 26. Rg4 fxe3 27. fxe3 Rd8 28.
Rd1 Rxa2 29. b4 f5 30. Rg5 Rb2 31. e4 fxe4 32. Ke3 Rxb4 33. Kf4 a5 34. Rdg1 e3+ 35. Kxe3 a4 36. Rg7 Rb3+ 37. Ke4 f5+ 38. Ke5 a3 39. R7g6 a2 40. Rh6# 1-0

[Event "Late-Titled-Tuesday-Blitz-May-14-2024"]
[Site "Chess.com"]
[Date "2024.05.14"]
[Round "2"]
[White "annasargsyan_m"]
[Black "Zhigalko_Sergei"]
[Result "1-0"]
[WhiteElo "2597"]
[BlackElo "2841"]
[TimeControl "180+1"]
[EndTime "14:18:04 PDT"]
[Termination "annasargsyan_m won on time"]

1. e4 g5 2. d4 h6 3. h4 gxh4 4. Nf3 d5 5. Nc3 dxe4 6. Nxe4 h3 7. Bf4 Bf5 8. Ng3 Bh7 9. Rxh3 c6 10. c3 Nd7 11.
Bc4 e6 12. Bd3 Ngf6 13. Bxh7 Rxh7 14. Qc2 Qa5 15. Ne5 Rh8 16. b4 Qd5 17. Nf3 a5 18. c4 Qxf3 19. gxf3 axb4 20. Nh5 Rg8 21. Ke2 Ra3 22. Nxf6+ Nxf6 23. Bxh6 Be7 24. Bd2 Kd7 25. Rb1 Rga8 26. Rb2 Ne8 27. Rh7 Nd6 28. Bxb4 Nf5 29. Qd2 Bxb4 30. Qxb4 Nxd4+ 31. Kf1 Ke8 32. Rh8+ Kd7 33.
Rxa8 Ra7 34. Rxa7 1-0